 Dungeon Crawl Stone Soup version 0.30.1-3-gfc49f6343a (webtiles) character file.

Game seed: 3850589307501244800

7464 KyoPewz the Destroyer (level 10, -7/77 HPs)
             Began as a Yellow Draconian Conjurer on July 26, 2023.
             Was a Priest of Vehumet.
             Mangled by a bone dragon (18 damage)
             ... on level 1 of the Abyss.
             The game lasted 01:03:08 (12586 turns).

KyoPewz the Destroyer (Yellow Draconian Conjurer)  Turns: 12586, Time: 01:03:09

Health: -7/77      AC: 12    Str: 16    XL:     10   Next: 94%
Magic:  19/22      EV: 12    Int: 22    God:    Vehumet [***...]
Gold:   455        SH:  0    Dex: 10    Spells: 9/25 levels left

rFire   + . .        m - staff of fire
rCold   . . .        (no shield)
rNeg    . . .        (body armour unavailable)
rPois   .            (helmet restricted)
rElec   .            (no cloak)
rCorr   +            E - +1 pair of gloves
SInv    .            i - +2 pair of boots
Will    .....        b - amulet of the acrobat
Stlth   ++           p - +6 ring of strength
HPRegen 0.32/turn    (no ring)
MPRegen 0.18/turn

%: acrobat
@: about to teleport
A: spit acid, AC +7, unfitting armour, cold-blooded, acid resistance
a: Breathe Acid, Renounce Religion


You were on level 1 of the Abyss.
You worshipped Vehumet.
Vehumet was most pleased with you.
You visited 2 branches of the dungeon, and saw 10 of its levels.
You visited the Abyss 1 time.

You collected 455 gold pieces.

Inventory:

Hand Weapons
 f - a +2 mace of venom
 j - a +2 falchion of freezing
 w - a +1 dagger of venom
 F - a +2 whip of flaming
 K - a +5 scimitar
 M - a +0 scimitar of flaming
 R - a +5 great sword of freezing
Missiles
 e - 86 stones
 o - 5 boomerangs
 s - a throwing net
 H - 39 poisoned darts
 N - 7 curare-tipped darts
Armour
 i - a +2 pair of boots (worn)
 E - a +1 pair of gloves (worn)
Magical Staves
 m - a staff of fire (weapon)
Jewellery
 b - an amulet of the acrobat (around neck)
 p - a +6 ring of strength (left hand)
Wands
 c - a wand of quicksilver (21)
 v - a wand of charming (10)
 L - a wand of mindburst (23)
 P - a wand of polymorph (12)
Scrolls
 d - 4 scrolls of magic mapping
 g - a scroll of fear
 n - 2 scrolls of noise
 r - a scroll of identify
 t - 6 scrolls of teleportation
 u - a scroll of blinking {unknown}
 x - a scroll of fog {unknown}
 y - a scroll of immolation
 G - 2 scrolls of enchant weapon
Potions
 a - a potion of magic
 h - a potion of haste
 q - 3 potions of curing
 z - 2 potions of degeneration {unknown}
 A - a potion of mutation {unknown}
 C - a potion of attraction {unknown}
 D - a potion of berserk rage {unknown}
 I - a potion of might {unknown}
 J - a potion of lignification {unknown}
 O - a potion of flight {unknown}
 Q - a potion of cancellation {unknown}
 S - a potion of ambrosia {unknown}


   Skills:
 - Level 3.0 Fighting
 - Level 1.8 Dodging
 - Level 1.9 Stealth
 - Level 0.3 Unarmed Combat
 - Level 8.0 Spellcasting
 + Level 12.9 Conjurations
 - Level 5.0 Hexes
 + Level 1.2 Necromancy
 - Level 4.0 Translocations


You had 9 spell levels left.
You knew the following spells:

 Your Spells              Type           Power      Damage    Failure   Level
a - Magic Dart            Conj           100%       1d8       1%          1
b - Searing Ray           Conj           100%       2d8       1%          2
c - Fulminant Prism       Conj/Hex       24%        3d12      1%          4
d - Dazzling Flash        Conj/Hex       96%        N/A       1%          3
m - Sublimation of Blood  Necr           14%        N/A       7%          2
x - Iskenderun's Mystic   Conj/Tloc      46%        2d10      1%          4

Your spell library contained the following spells:

 Spells                   Type           Power      Damage    Failure   Level
 Scorch                   Fire           26%        2d6       3%          2
 Static Discharge         Conj/Air       74%        2-6/arc   1%          2
 Ignite Poison            Fire/Tmut/Pois 13%        N/A       6%          3
 Cigotuvi's Dreadful Rot  Necr/Pois/Air  20%        N/A       10%         2
 Freezing Cloud           Conj/Ice/Air   13%        6-21      10%         5
 Wereblood                Tmut           8%         N/A       11%         2
 Airstrike                Air            4%         2d(1-17)  19%         4
 Dispel Undead            Necr           14%        3d10      41%         4
 Summon Lightning Spire   Summ/Air       8%         N/A       58%         4
 Death Channel            Necr           7%         N/A       100%        6
 Summon Hydra             Summ           4%         N/A       100%        7


Dungeon Overview and Level Annotations

Branches:
Dungeon (9/15)             Temple (1/1) D:6             Orc (0/2) D:9
   Lair: D:8-11

Altars:
Ashenzari
Cheibriados
Dithmenos
Elyvilon
Fedhas
Gozag
Hepliaklqana
Kikubaaqudgha
Makhleb
Nemelex Xobeh
Okawaru
Qazlal
Ru
Sif Muna
Trog
Uskayaw
Vehumet
Wu Jian
Xom
Yredelemnul
Zin
The Shining One

Shops:
D:9 [[

Annotations:
D:8 3 runed translucent doors, Quickbrownfox's ghost, novice DsCj
D:9 Erolcha


Innate Abilities, Weirdness & Mutations

You can spit globs of acid.
Your golden yellow scales are hard. (AC +7)
You cannot fit into any form of body armour.
You are cold-blooded and may be slowed by cold attacks.
You are resistant to acid. (rCorr)


Message History

You feel much better.
The bone dragon is engulfed in blazing flames.
Flame seeps out of the bone dragon.
The bone dragon bites you. The bone dragon barely misses you.
The bone dragon tramples you but does no damage.
You regained 25 hp, and now have 50/77 hp.
As you read the scroll labelled KUER QASAGG, it crumbles to dust.
It is a scroll of amnesia.
Really abort (and waste the scroll)?
Okay, then.
The large abomination is engulfed in blazing flames.
Flame seeps out of the large abomination.
The large abomination closely misses you.
The bone dragon is engulfed in blazing flames.
Flame seeps out of the bone dragon.
The bone dragon closely misses you. The bone dragon claws you.
The bone dragon tramples you!
You hold your ground!
You take 13 damage, and have 37/77 hp.
As you read the scroll labelled PIT EGHYUSOIFIL, it crumbles to dust.
It is a scroll of enchant armour.
Your +0 pair of gloves glows green for a moment.
The bone dragon bites you. The bone dragon claws you.
The bone dragon tramples you!
* * * LOW HITPOINT WARNING * * *
You hold your ground!
The large abomination closely misses you.
You take 16 damage, and have 21/77 hp.
MASSIVE DAMAGE!!
The air fills with toxic fumes!
As you read the scroll labelled TOWKOA DEUGGO, it crumbles to dust.
It was a scroll of poison.
The bone dragon bites you but does no damage.
The bone dragon claws you.
* * * LOW HITPOINT WARNING * * *
The bone dragon tramples you.
* * * LOW HITPOINT WARNING * * *
You hold your ground!
You take 6 damage, and have 15/77 hp.
You feel better. The large abomination hits you!
* * * LOW HITPOINT WARNING * * *
The bone dragon bites you!!
You die...

. ..
#§########
#####
#§§X@# .##
.#...##
#§##§D§§#.#
#.# .. #
######..# #
. #. . #..
.#. .###
#..# #.....
. ..#.# ..
#.
#....#.#. #
## . #.###.
.....#..#
## # #.. #§
. ...#.. #


You could see a bone dragon (inner flame) and a large abomination (inner flame).

Vanquished Creatures
  A two-headed ogre (D:9)
  Erica (D:8)
  A troll (D:9)
  Prince Ribbit (D:5)
  8 yaks (D:9)
  Menkaure (D:7)
  A steam dragon (D:7)
  5 orc warriors
  An ice beast (D:7)
  2 sky beasts
  3 centaurs
  2 phantoms
  4 kobold brigands
  3 bullfrogs
  A wyvern zombie (D:7)
  6 scorpions
  14 wights
  10 killer bees
  A centaur zombie (D:7)
  5 hounds
  3 jellies
  2 gnoll boudas (D:6)
  5 orc priests
  Ijyb (D:3)
  8 iguanas
  2 sleepcaps
  Natasha (thrice) (D:3)
  6 orc wizards
  A statue (D:5)
  Robin (D:3)
  7 gnolls (D:6)
  6 adders
  2 ufetubi
  4 worms
  3 dart slugs
  43 orcs
  6 ball pythons
  7 bats
  7 endoplasms
  2 giant cockroaches
  7 hobgoblins
  2 jackals
  6 quokkas
  6 frilled lizards
  16 goblins
  22 kobolds
  10 rats
259 creatures vanquished.

Vanquished Creatures (others)
  10 fulminant prisms
10 creatures vanquished.

Grand Total: 269 creatures vanquished

Notes
Turn   | Place    | Note
-------+----------+-------------------------------------------
     0 | D:1      | KyoPewz the Draconian Conjurer began the quest for the Orb.
     0 | D:1      | Reached XP level 1. HP: 14/14 MP: 3/3
   290 | D:1      | Reached XP level 2. HP: 22/22 MP: 1/5
   380 | D:1      | Learned a level 2 spell: Searing Ray
   523 | D:1      | Reached skill level 1 in Fighting
  1292 | D:1      | Reached XP level 3. HP: 29/29 MP: 1/6
  1944 | D:2      | Reached XP level 4. HP: 37/37 MP: 3/8
  2446 | D:3      | Noticed Ijyb
  2466 | D:3      | Killed Ijyb
  2664 | D:3      | Noticed Robin
  2671 | D:3      | Reached skill level 1 in Hexes
  2678 | D:3      | Killed Robin
  2813 | D:3      | Found a bloodstained altar of Trog.
  2813 | D:3      | Found an ancient bone altar of Kikubaaqudgha.
  2829 | D:3      | Found a faded altar of an unknown god.
  2831 | D:3      | Found a faded altar of an unknown god.
  2833 | D:3      | Found a glowing golden altar of the Shining One.
  3088 | D:3      | Reached XP level 5. HP: 45/45 MP: 7/10
  3254 | D:3      | Noticed Natasha
  3257 | D:3      | Killed Natasha
  3607 | D:4      | You fall into a shaft and drop 1 floor!
  3607 | D:5      | Entered Level 5 of the Dungeon
  3634 | D:5      | Reached XP level 6. HP: 51/51 MP: 4/12
  3948 | D:3      | Noticed Natasha
  3959 | D:3      | Killed Natasha
  4078 | D:3      | Noticed Natasha
  4086 | D:3      | Killed Natasha
  4087 | D:3      | Reached skill level 5 in Conjurations
  4357 | D:3      | Found a bloodstained altar of Trog.
  4357 | D:3      | Found an ancient bone altar of Kikubaaqudgha.
  4365 | D:3      | Found a faded altar of an unknown god.
  4367 | D:3      | Found a faded altar of an unknown god.
  4369 | D:3      | Found a glowing golden altar of the Shining One.
  5158 | D:4      | Your scales start taking on a golden yellow colour.
  5158 | D:4      | Reached XP level 7. HP: 40/57 MP: 1/13
  5158 | D:4      | Gained mutation: You are resistant to acid. (rCorr) [Yellow
                  | Draconian growth]
  5609 | D:5      | Learned a level 4 spell: Fulminant Prism
  5614 | D:5      | Learned a level 4 spell: Iskenderun's Mystic Blast
  5641 | D:5      | Reached skill level 6 in Conjurations
  5836 | D:5      | Noticed Prince Ribbit
  5844 | D:5      | Killed Prince Ribbit
  6014 | D:5      | Reached skill level 7 in Conjurations
  6132 | D:5      | Reached XP level 8. HP: 63/63 MP: 8/14
  6206 | D:5      | Found a radiant altar of Vehumet.
  6215 | D:5      | Became a worshipper of Vehumet
  6376 | D:6      | Found a staircase to the Ecumenical Temple.
  6601 | D:6      | Reached skill level 5 in Hexes
  6704 | D:6      | Reached skill level 8 in Conjurations
  6840 | Temple   | Entered the Ecumenical Temple
  6915 | D:6      | Reached * piety under Vehumet
  6915 | D:6      | Offered knowledge of Foxfire by Vehumet.
  6982 | D:6      | Reached skill level 9 in Conjurations
  8078 | D:7      | Reached XP level 9. HP: 55/69 MP: 4/15
  8165 | D:7      | Reached skill level 10 in Conjurations
  8168 | D:7      | Reached skill level 1 in Translocations
  9204 | D:7      | Noticed Menkaure
  9212 | D:7      | Killed Menkaure
  9351 | D:7      | Reached skill level 5 in Spellcasting
  9455 | D:7      | Offered knowledge of Shock by Vehumet.
  9460 | D:7      | Reached ** piety under Vehumet
  9721 | D:7      | Reached skill level 11 in Conjurations
 10190 | D:8      | Found a runed translucent gate.
 10190 | D:8      | Found a runed translucent gate.
 10204 | D:8      | Found a runed translucent gate.
 10205 | D:8      | Found an opulent altar of Gozag.
 10206 | D:8      | Noticed a boulder beetle
 10207 | D:8      | Noticed a white ugly thing
 10207 | D:8      | Noticed Quickbrownfox's ghost (novice DsCj)
 10220 | D:8      | Noticed Erica
 10230 | D:8      | Killed Erica
 10231 | D:8      | Reached XP level 10. HP: 77/77 MP: 11/19
 11173 | D:9      | Noticed a two-headed ogre
 11211 | D:9      | Killed a two-headed ogre
 11212 | D:9      | Reached skill level 12 in Conjurations
 11406 | D:9      | Found Hezeomp's Armour Emporium.
 11460 | D:9      | Offered knowledge of Scorch by Vehumet.
 11535 | D:9      | Found a staircase to the Orcish Mines.
 11612 | D:9      | Reached *** piety under Vehumet
 11709 | D:9      | Learned a level 2 spell: Sublimation of Blood
 11713 | D:9      | Learned a level 3 spell: Dazzling Flash
 11718 | D:9      | Found Biwk's Antique Armour Shop.
 12199 | D:9      | Found a white marble altar of Elyvilon.
 12296 | D:9      | Reached skill level 1 in Necromancy
 12402 | D:9      | Noticed Erolcha
 12417 | Abyss:1  | Cast into level 1 of the Abyss (Erolcha)
 12552 | Abyss:1  | Noticed a bone dragon
 12586 | Abyss:1  | Mangled by a bone dragon

Illustrated notes

Levels and vault maps discovered:
D:1:      saegor_arrival_simple_d, layout_basic, minmay_misc_feat_doors,
          kennysheep_decorative_pillar
D:2:      layout_rooms
D:3:      layout_basic, chequers_temple_overflow_minitemple, nicolae_titane,
          uniq_ijyb, uniq_natasha, uniq_robin
D:4:      layout_cave_pools
D:5:      layout_rooms, vehumet_statue, uniq_prince_ribbit1
D:6:      layout_loops_ring, temple_pool_b, amethyst_killhole
D:7:      layout_gridville, serial_undead, serial_undead_b, serial_undead_c,
          serial_undead_e, serial_undead_d, uniq_menkaure
D:8:      layout_rooms, ebering_ghost_gozag, uniq_erica
D:9:      layout_cave_pods, mainiacjoe_overflow_alcove_2, orc_0_dummy,
          serial_shops, nicolae_inconvenience_store, shop, uniq_erolcha
Temple:   sentei_temple_godly_chess
Abyss:1:  base:
D:7

Skill      XL: |  1  2  3  4  5  6  7  8  9 10 |
---------------+-------------------------------+-----
Fighting       | 1 2 3 |  3.0
Spellcasting   | 3 4 6 8 |  8.0
Hexes          | 1 2 3 4 5 |  5.0
Conjurations   | 5 7 9 11 12 | 12.9
Translocations | 4 |  4.0
Necromancy     | 1 |  1.2
Dodging        | |  1.8
Stealth        | |  1.9
Unarmed Combat | |  0.3

Action                     |  1- 3 |  4- 6 |  7- 9 | 10-12 || total
---------------------------+-------+-------+-------+-------++-------
  Melee: Mace              |    16 |     8 |       |       ||    24
         Unarmed           |     3 |       |       |       ||     3
         Tailslap          |     2 |     3 |     6 |     6 ||    17
         Dagger            |       |    25 |    83 |    41 ||   149
         Punch             |       |       |     1 |       ||     1
   Cast: Magic Dart        |    63 |   100 |   205 |    52 ||   420
         Searing Ray       |     2 |    21 |    45 |    13 ||    81
         Fulminant Prism   |       |       |     1 |    10 ||    11
         Iskenderun's Myst |       |       |       |     1 ||     1
Ability: Breathe Acid      |       |       |     6 |     7 ||    13
    Use: Scroll            |       |       |     6 |     6 ||    12
         Potion            |       |       |       |     5 ||     5
 Armour: Skin              |    12 |    23 |    64 |    32 ||   131
  Dodge: Dodged            |    27 |    69 |   150 |    98 ||   344
